 Dungeon Crawl Stone Soup version 0.18-a0-1116-g1750dec (webtiles) character file.

132200 Arkorax the Acrobat (level 16, -5/93 HPs)
             Began as a Spriggan Berserker on Jan 17, 2016.
             Was a High Priest of Trog.
             Shot with an arrow of flame by Vashnia (7 damage)
             ... on level 3 of the Snake Pit.
             The game lasted 00:57:01 (31196 turns).

Arkorax the Acrobat (Spriggan Berserker)           Turns: 31196, Time: 00:57:01

Health: -5/93      AC:  8    Str: 14    XL:     16   Next: 57%
Magic:  17/17      EV: 39    Int: 14    God:    Trog [*****.]
Gold:   2126       SH: 11    Dex: 22    Spells: 0 memorised, 15 levels left

rFire  x . .     SeeInvis +     t - +12 rapier of Trog's Esteem {drain, *Noise Int+6}
rCold  + + .     Gourm    .     N - +2 robe of Xiptac {Regen+}
rNeg   . . .     Faith    .     E - +2 buckler
rPois  .         Spirit   .     M - +2 hat
rElec  +         Dismiss  .     W - +1 cloak {rC+}
rCorr  .         Reflect  .     (gloves unavailable)
SustAt .         Harm     .     (boots unavailable)
MR     ++++.                    (no amulet)
Stlth  ++........               V - ring of Tacom {+Fly rElec}
                                o - ring of ice

@: regenerating, very quick, incredibly resistant to hostile enchantments,
unstealthy
A: unfitting armour, see invisible, herbivore 3, speed 3, slow metabolism 2
a: Berserk, Trog's Hand, Brothers in Arms, Burn Spellbooks, Renounce Religion,
Evoke Flight


You were on level 3 of the Snake Pit.
You worshipped Trog.
Trog was extremely pleased with you.
You were not hungry.

You visited 5 branches of the dungeon, and saw 29 of its levels.
You also visited: Ice Cave and Volcano.

You collected 2401 gold pieces.
You spent 275 gold pieces at shops.

Inventory:

Hand Weapons
 t - the +12 rapier of Trog's Esteem (weapon) {drain, *Noise Int+6}
   (Trog gifted it to you on level 2 of the Orcish Mines)

   A truly terrible weapon, it drains the life of those it strikes.
   It affects your intelligence (+6).
   It may make noises in combat.
 u - a +2 short sword of electrocution
 D - a +7 lajatang of electrocution
 K - a +4 antimagic short sword
Armour
 E - a +2 buckler (worn)
 M - a +2 hat (worn)
 N - the +2 robe of Xiptac (worn) {Regen+}
   (You bought it in a shop on level 10 of the Dungeon)

   It increases your rate of regeneration.
 W - a +1 cloak of cold resistance (worn)
 Z - the +2 robe of Immorality {rC+ rCorr Stlth+}
   (You found it on level 2 of the Snake Pit)

   It protects you from cold.
   It protects you from acid and corrosion.
   It makes you more stealthy.
Jewellery
 o - a ring of ice (left hand)
 P - the ring "Qughoduh" {*Corrode rC+ Str+3 Dex+2 SInv}
   (You took it off a naga on level 1 of the Snake Pit)

   [ring of see invisible]

   It affects your strength (+3).
   It affects your dexterity (+2).
   It protects you from cold.
   It lets you see invisible.
   It may corrode your equipment when you take damage.
 V - the ring of Tacom (right hand) {+Fly rElec}
   (You found it on level 1 of the Lair of Beasts)

   [ring of flight]

   It insulates you from electricity.
   It lets you fly.
Wands
 a - a wand of fire (10/15)
 b - a wand of enslavement (15/24)
 l - a wand of random effects (21/48)
 q - a wand of hasting (3/9)
 F - a wand of teleportation (3/9)
 G - a wand of magic darts (24/48)
 I - a wand of draining (9/15)
 J - a wand of teleportation (7/9)
 T - a wand of frost (24/48)
 X - a wand of paralysis (5/24)
 Y - a wand of disintegration (4/24)
Scrolls
 h - 12 scrolls of identify
 i - 2 scrolls of enchant armour
 m - 8 scrolls of remove curse
 n - 8 scrolls of teleportation
 s - 3 scrolls of blinking
 w - 2 scrolls of magic mapping
 x - 6 scrolls of recharging
 y - a scroll of holy word
 Q - a scroll of silence
 S - 2 scrolls of fog
Potions
 d - 4 potions of lignification
 e - 6 potions of might
 f - 3 potions of invisibility
 g - a potion of berserk rage
 k - a potion of mutation {unknown}
 p - 5 potions of flight
 v - 2 potions of resistance
 A - a potion of magic
 B - 6 potions of cure mutation
 C - 2 potions of agility
 O - a potion of ambrosia
 R - 11 potions of curing
 U - a potion of haste
Books
 H - a Fen Folio

   Spells                             Type                      Level
   a - Corpse Rot                     Necromancy                   2
   b - Stone Arrow                    Conjuration/Earth            3
   c - Leda's Liquefaction            Hexes/Earth                  4
   d - Summon Forest                  Summoning/Translocation      5
   e - Hydra Form                     Transmutation                6
   f - Summon Hydra                   Summoning                    7
   Trog disapproves of the use of such an item.
 L - a book of Envenomations

   Spells                             Type                      Level
   a - Spider Form                    Transmutation/Poison         3
   b - Olgreb's Toxic Radiance        Poison                       4
   c - Alistair's Intoxication        Transmutation/Poison         5
   d - Poisonous Cloud                Conjuration/Poison/Air       6
   Trog disapproves of the use of such an item.
Comestibles
 c - a bread ration
 j - 5 slices of pizza
 r - 3 royal jellies
 z - 7 fruits


   Skills:
 - Level 14.0 Fighting
 - Level 14.7 Short Blades
 * Level 6.5 Staves
 - Level 4.5 Armour
 - Level 21.6 Dodging
 - Level 7.3 Shields


You had 15 spell levels left.
You didn't know any spells.

Dungeon Overview and Level Annotations

Branches:
Dungeon (15/15)            Temple (0/1) D:7            Lair (8/8) D:11
 Shoals (0/4) Lair:6        Snake (3/4) Lair:6        Slime (0/6) Lair:8
    Orc (2/2) D:12            Elf (0/3) Orc:2        Vaults (0/5) D:13
 Depths (1/5) D:15

Altars:
Cheibriados
Dithmenos
Elyvilon
Fedhas
Makhleb
Nemelex Xobeh
Ru
Xom
Zin
The Shining One
Beogh

Shops:
D:4 !=   D:5 =   D:9 *   D:10 *   D:11 !   Orc:1 !   Orc:2 }(%=

Portals:
Hell: Lair:8

Annotations:
D:6 2 exclusions
Snake:3 Vashnia
Depths:1 Sojobo


Innate Abilities, Weirdness & Mutations

You are tiny and cannot use many weapons and most armour.
You have supernaturally acute eyesight.
You are a herbivore.
You cover ground extremely quickly.
You need consume almost no food.


Message History

The naga sharpshooter wields an arbalest.
The naga sharpshooter gestures wildly while chanting.
The naga sharpshooter magically shoots a bolt.
The bolt hits you!!
* * * LOW HITPOINT WARNING * * *
You are too injured to fight recklessly!
Unknown command.
You see here 2 arrows.
Your skin crawls.
You feel resistant to hostile enchantments.
You feel slightly more hungry.
The naga sharpshooter gestures wildly while chanting.
The naga sharpshooter magically shoots a bolt.
The bolt misses you.
Vashnia mumbles some strange words.
Vashnia magically shoots an arrow of flame.
The arrow of flame hits you!!
* * * LOW HITPOINT WARNING * * *
The arrow of flame burns you!
You die...

#####.######..##
#..# #.>#.## #.##
##.....#
#.####......####
##..##..........#
##....##.......###
#.............[#
#......##......##
##
#........#.#..@.#
##.###
#...........####.##
##.....##
#...........#
##.###.......#
#.>.......#..
#..##.......#
.......##..#
#.#.#(N......#
....## #.
#...N##".....#
#(....# ......#
#.....N ......#
#....#..#N....#


You could see Vashnia and a naga sharpshooter.

Vanquished Creatures
  Agnes (Snake:1)
  Wiglaf (Snake:1)
  Aizul (Snake:1)
  A vampire knight (Depths:1)
  A white draconian (IceCv)
  Snorg (Lair:7)
  Josephine (Lair:4)
  The ghost of FIQ the Cleaver, a journeyman HOFi of Beogh (Lair:1)
  14 hydras
  7 naga warriors
  2 anacondas
  2 centaur warriors (D:14)
  A death knight (D:13)
  A death yak (Lair:8)
  5 orc high priests (Orc:2)
  4 naga sharpshooters
  2 tengu warriors (D:13)
  5 shock serpents
  A sun demon (Lair:8)
  Nergalle (Lair:2)
  4 skeletal warriors (D:15)
  An unseen horror (D:15)
  3 naga ritualists
  3 hill giants
  A lindwurm (shapeshifter) (D:15)
  2 phantasmal warriors (D:13)
  4 deep elf magi
  A wolf spider zombie (D:15)
  A necromancer (D:15)
  10 orc knights
  4 wizards
  6 ugly things
  7 mana vipers
  2 orc sorcerers
  2 salamanders
  2 cyclopes
  2 griffons
  A manticore (D:14)
  An ice statue (IceCv)
  A siren (Lair:6)
  A toenail golem (Volcano)
  10 naga magi
  4 centaur zombies
  3 guardian serpents
  The ghost of FIQ the Chopper, a novice HOFi of Beogh (D:5)
  An octopode (shapeshifter) (Depths:1)
  24 black mambas
  A black mamba (shapeshifter) (D:14)
  6 elephants (Lair:3)
  A smoke demon (Lair:8)
  A centaur skeleton (D:13)
  2 gargoyles (D:14)
  4 orange demons (Lair:8)
  An efreet (D:13)
  14 spiny frogs
  4 fire drakes
  A tengu conjurer (D:15)
  14 komodo dragons
  2 ice devils (Lair:8)
  13 polar bears (IceCv)
  11 trolls
  A wolf spider simulacrum (D:15)
  A two-headed ogre (D:15)
  2 red devils
  8 blink frogs
  A boulder beetle (Lair:7)
  4 slime creatures (D:15)
  A centaur simulacrum (D:15)
  2 shadows
  4 wraiths
  35 yaks
  A vampire (D:13)
  2 wyverns
  A yak (shapeshifter) (D:14)
  2 basilisks
  A hungry ghost (D:14)
  A steam dragon (D:8)
  15 hippogriffs
  4 vampire mosquitoes
  30 wolves
  17 nagas
  A soldier ant (D:13)
  17 water moccasins
  2 hell hounds
  Duvessa (D:4)
  10 porcupines
  37 orc warriors
  13 ice beasts
  A sky beast (D:13)
  A black bear (D:10)
  13 ogres
  2 phantoms
  6 centaurs
  12 crocodiles
  3 big kobolds (D:12)
  23 giant frogs
  5 gnoll sergeants (D:12)
  Dowan (D:4)
  5 scorpions
  10 killer bees
  7 wights
  9 crimson imps
  7 jellies
  2 giant frog zombies
  7 hounds
  7 orc wizards
  2 giant frog skeletons
  25 orc priests
  8 iguanas
  3 worker ants
  A hell rat (D:11)
  6 sheep (Lair:6)
  2 hound zombies
  A hound skeleton (D:7)
  A worker ant zombie (D:10)
  17 gnolls
  20 adders
  42 river rats
  A shadow imp (D:11)
  3 oozes (Lair:8)
  2 adder skeletons
  An adder zombie (D:10)
  2 worms
  3 giant geckos
  72 orcs
  8 bats
  4 giant cockroaches
  3 goblins
  7 hobgoblins
  9 jackals
  5 kobolds (D:2)
  5 quokkas
  A ball python (D:2)
  A giant gecko skeleton (D:5)
  A giant gecko zombie (D:9)
  8 giant newts
  A jackal skeleton (D:6)
  A jackal zombie (D:8)
  A quokka skeleton (D:3)
  A quokka zombie (D:9)
  6 rats
839 creatures vanquished.

Vanquished Creatures (collateral kills)
  Gastronok (D:12)
  4 vault guards (D:13)
  A sixfirhy (Lair:8)
  An orange demon (Lair:8)
  An efreet (D:13)
  A red devil (Lair:8)
  2 yaks (Lair:1)
  2 wolves (IceCv)
  A hungry ghost (D:13)
  2 orc warriors (Orc:2)
  A wyvern skeleton (D:13)
  3 orc priests (Orc:2)
  A hound (D:13)
  A worker ant (D:13)
  5 orcs (Orc:2)
27 creatures vanquished.

Vanquished Creatures (others)
  An ogre (D:6)
  3 giant frogs
  A giant frog skeleton (D:13)
  An iguana (D:6)
  A worker ant (D:6)
  An adder (D:6)
  An orc (D:6)
  3 bushes (Depths:1)
  13 fungi
  42 plants
67 creatures vanquished.

Grand Total: 933 creatures vanquished

Notes
Turn   | Place    | Note
--------------------------------------------------------------
     0 | D:1      | Arkorax the Spriggan Berserker began the quest for the Orb.
     0 | D:1      | Reached XP level 1. HP: 11/11 MP: 2/2
   444 | D:1      | Reached XP level 2. HP: 14/16 MP: 3/3
   868 | D:2      | Reached XP level 3. HP: 19/19 MP: 4/4
   919 | D:2      | Reached skill level 5 in Dodging
   937 | D:2      | Found a white marble altar of Elyvilon.
   981 | D:2      | Reached ** piety under Trog
  1621 | D:2      | Reached XP level 4. HP: 24/24 MP: 5/5
  2335 | D:3      | Reached skill level 6 in Dodging
  2398 | D:3      | Reached XP level 5. HP: 28/28 MP: 6/6
  3087 | D:4      | Reached skill level 5 in Short Blades
  3136 | D:4      | Reached XP level 6. HP: 33/33 MP: 7/7
  3140 | D:4      | Reached skill level 7 in Dodging
  3461 | D:4      | Found Ovebrock's Distillery.
  3467 | D:4      | Found Vekusap's Jewellery Boutique.
  3469 | D:4      | Bought a potion of heal wounds for 65 gold pieces
  3654 | D:4      | Noticed Duvessa
  3657 | D:4      | Noticed Dowan
  3664 | D:4      | Killed Duvessa
  3679 | D:4      | Killed Dowan
  3679 | D:4      | Reached XP level 7. HP: 23/37 MP: 8/8
  3895 | D:5      | Entered Level 5 of the Dungeon
  3946 | D:5      | Noticed FIQ's ghost (novice HOFi)
  3989 | D:5      | Killed FIQ's ghost
  3989 | D:5      | Reached skill level 8 in Dodging
  4020 | D:5      | Found Ryum's Jewellery Shoppe.
  4086 | D:5      | Reached skill level 5 in Fighting
  4086 | D:5      | Reached XP level 8. HP: 40/43 MP: 9/9
  4131 | D:5      | Reached *** piety under Trog
  4131 | D:5      | Reached skill level 9 in Dodging
  4625 | D:6      | Found a shimmering altar of Xom.
  4638 | D:6      | Reached skill level 10 in Dodging
  5054 | D:6      | Found a shadowy altar of Dithmenos.
  5599 | D:7      | Found a staircase to the Ecumenical Temple.
  5766 | D:7      | Reached XP level 9. HP: 48/48 MP: 10/10
  6746 | D:8      | Reached skill level 11 in Dodging
  7422 | D:9      | Found a snail-covered altar of Cheibriados.
  7423 | D:9      | Found a glowing golden altar of the Shining One.
  7423 | D:9      | Found a sacrificial altar of Ru.
  7489 | D:9      | Found a blossoming altar of Fedhas.
  7515 | D:9      | Found Zin's Purification Station.
  7515 | D:9      | Found a glowing silver altar of Zin.
  7846 | D:10     | Entered Level 10 of the Dungeon
  7885 | D:10     | Reached **** piety under Trog
  8039 | D:10     | Found Qiustroa's Assorted Antiques.
  8044 | D:10     | Bought a heavy robe for 210 gold pieces
  8054 | D:10     | Identified the +2 robe of Xiptac {Regen+} (You bought it in a shop on level 10 of the Dungeon)
  8183 | D:10     | Got a faintly glowing shortbow
  8184 | D:10     | Identified the +4 shortbow "Upowegh" {flame, +Inv rPois MR+++ Str-2} (You found it on level 10 of the Dungeon)
  8468 | D:10     | Reached skill level 12 in Dodging
  8626 | D:11     | Noticed a troll
  8627 | D:11     | Killed a troll
  8627 | D:11     | Reached XP level 10. HP: 55/55 MP: 11/11
  8660 | D:11     | Found Baroynuwk's Distillery.
  8795 | D:11     | Noticed a hill giant
  8807 | D:11     | Killed a hill giant
  8807 | D:11     | Reached skill level 10 in Short Blades
  8851 | D:11     | Found a burning altar of Makhleb.
  8852 | D:11     | Noticed an Executioner
  9007 | D:11     | Found a staircase to the Lair.
  9018 | D:11     | Noticed a six-headed hydra
  9042 | D:11     | Reached skill level 13 in Dodging
  9088 | D:11     | Killed a six-headed hydra
  9589 | D:12     | Noticed a green ugly thing
  9633 | D:12     | Killed a green ugly thing
  9681 | D:12     | Found a sparkling altar of Nemelex Xobeh.
  9767 | D:12     | Noticed a cyclops
  9770 | D:12     | Reached skill level 14 in Dodging
  9770 | D:12     | Reached XP level 11. HP: 49/60 MP: 12/12
  9784 | D:12     | Reached ***** piety under Trog
  9953 | D:12     | Found a staircase to the Orcish Mines.
 10277 | D:12     | Noticed Gastronok
 10311 | D:12     | Killed Gastronok
 10643 | D:12     | Found a roughly hewn altar of Beogh.
 10646 | D:12     | Noticed an orc knight
 10680 | D:12     | Killed an orc knight
 10680 | D:12     | Reached skill level 15 in Dodging
 10831 | D:12     | Received a gift from Trog
 11274 | Lair:1   | Entered Level 1 of the Lair of Beasts
 11306 | Lair:1   | Reached skill level 1 in Shields
 11614 | Lair:1   | Got an ancient granite ring
 11647 | Lair:1   | Noticed FIQ's ghost (journeyman HOFi)
 11647 | Lair:1   | Reached XP level 12. HP: 67/67 MP: 13/13
 11669 | Lair:1   | Killed FIQ's ghost
 11687 | Lair:1   | Noticed a seven-headed hydra
 11746 | Lair:1   | Killed an eight-headed hydra
 11746 | Lair:1   | Reached skill level 10 in Fighting
 12529 | Lair:2   | Reached skill level 16 in Dodging
 12557 | Lair:2   | Noticed Nergalle
 12719 | Lair:2   | Killed Nergalle
 12898 | Lair:2   | Got a pitted marble ring
 12906 | Lair:2   | Identified the ring "Uluow" {Ice Str+3 Dex-2} (You found it on level 2 of the Lair of Beasts)
 12908 | Lair:2   | Identified the ring of Tacom {+Fly rElec} (You found it on level 1 of the Lair of Beasts)
 13277 | Lair:3   | Found a frozen archway.
 13307 | IceCv    | Entered an ice cave
 13373 | IceCv    | Reached skill level 5 in Shields
 13846 | IceCv    | Noticed a white draconian
 13915 | IceCv    | Killed a white draconian
 14327 | Lair:3   | Reached XP level 13. HP: 63/72 MP: 14/14
 14400 | Lair:3   | Reached skill level 17 in Dodging
 15299 | Lair:4   | Received a gift from Trog
 15977 | Lair:4   | Noticed Josephine
 16023 | Lair:4   | Killed Josephine
 16587 | Lair:5   | Found a dark tunnel.
 16632 | Volcano  | Entered a volcano
 16808 | Lair:5   | Got a shimmering copper amulet
 16809 | Lair:5   | Identified the amulet "Jugaot" {Harm *Drain rElec rC+} (You found it on level 5 of the Lair of Beasts)
 16964 | Lair:5   | Reached skill level 18 in Dodging
 17916 | Lair:6   | Found a staircase to the Snake Pit.
 18056 | Lair:6   | Found a staircase to the Shoals.
 18594 | Lair:7   | Reached XP level 14. HP: 79/79 MP: 15/15
 18875 | Lair:7   | Noticed Snorg
 18887 | Lair:7   | Killed Snorg
 19653 | Lair:8   | Entered Level 8 of the Lair of Beasts
 19705 | Lair:8   | Reached ****** piety under Trog
 19755 | Lair:8   | Reached skill level 19 in Dodging
 19960 | Lair:8   | Found a burning altar of Makhleb.
 20280 | Lair:8   | Found a gateway to Hell.
 20582 | Lair:8   | Found a staircase to the Slime Pits.
 21364 | D:13     | Found a gate to the Vaults.
 21390 | D:13     | Received a gift from Trog
 21789 | D:13     | Found a blossoming altar of Fedhas.
 22224 | D:13     | Reached skill level 20 in Dodging
 22461 | D:14     | Reached XP level 15. HP: 82/85 MP: 16/16
 22941 | D:15     | Entered Level 15 of the Dungeon
 23242 | D:15     | Reached skill level 1 in Armour
 23263 | D:15     | Found a staircase to the Depths.
 24130 | Orc:1    | Entered Level 1 of the Orcish Mines
 24152 | Orc:1    | Received a gift from Trog
 24336 | Orc:1    | Found Worrokux's Distillery.
 24697 | Orc:2    | Entered Level 2 of the Orcish Mines
 25383 | Orc:2    | Received a gift from Trog
 25386 | Orc:2    | Got a shimmering rapier {god gift}
 25387 | Orc:2    | Identified the +12 rapier of Trog's Esteem {drain, *Noise Int+6} (Trog gifted it to you on level 2 of the Orcish Mines)
 25400 | Orc:2    | Found a staircase to the Elven Halls.
 25705 | Orc:2    | Found Hayrouja's Quality Used Wands.
 26157 | Orc:2    | Reached skill level 21 in Dodging
 26335 | Orc:2    | Found Pile's Jewellery Shop.
 26335 | Orc:2    | Found Pimearij's Weapon Shop.
 26336 | Orc:2    | Found Mevaytz's Food Shop.
 26336 | Orc:2    | Found Tidonuaw's Magic Scroll Boutique.
 26579 | Depths:1 | Entered Level 1 of the Depths
 26982 | Depths:1 | Noticed Sojobo
 27236 | Snake:1  | Entered Level 1 of the Snake Pit
 27427 | Snake:1  | Noticed Aizul
 27443 | Snake:1  | Killed Aizul
 27541 | Snake:1  | Noticed Agnes
 27557 | Snake:1  | Killed Agnes
 27989 | Snake:1  | Reached skill level 1 in Staves
 28171 | Snake:1  | Reached XP level 16. HP: 57/92 MP: 17/17
 28507 | Snake:1  | Got a pitted marble ring
 28624 | Snake:1  | Received a gift from Trog
 29739 | Snake:2  | Got a fabulously ornate robe
 29756 | Snake:1  | Identified the +2 robe of Immorality {rC+ rCorr Stlth+} (You found it on level 2 of the Snake Pit)
 29784 | Snake:2  | Identified the ring "Qughoduh" {*Corrode rC+ Str+3 Dex+2 SInv} (You took it off a naga on level 1 of the Snake Pit)
 30088 | Snake:2  | Noticed Wiglaf
 30359 | Snake:1  | Killed Wiglaf
 30363 | Snake:1  | Reached skill level 5 in Staves
 30522 | Snake:2  | Received a gift from Trog
 31180 | Snake:3  | Noticed Vashnia
 31196 | Snake:3  | HP: 2/93 [Vashnia/arrow of flame (27)]
 31196 | Snake:3  | Shot with an arrow of flame by Vashnia

Vault maps used:
D:1:      minmay_arrival_nine_rooms
D:2:      first_bread, elyvilon_altar_4
D:4:      serial_shops, nicolae_shop_statue_plus, shop, uniq_duvessa
D:5:      serial_shops, shop
D:6:      xom_confusion_cloud, nicolae_dithmenos_through_a_glass_darkly
D:7:      minmay_temple_entry_hall
D:9:      zin_purify, grunt_temple_overflow_open, lemuel_doored_altar,
          serial_corexii_hall, corexii_hall_statues_deadend,
          corexii_hall_statues_i, grunt_ogre_cave, grunt_ministairs_2
D:10:     serial_shops, shop, st_stairs_3
D:11:     dpeg_lair_monsters, serial_shops, shop, makhleb_altar_promises_db
D:12:     kennysheep_orc_monster_closet_entryway, basic_altar, special_room,
          uniq_gastronok
D:13:     lightli_vaults_fourway_checkpoint, fedhas_altar_decomposition
D:14:     small_statue_intersection, spider_trap
D:15:     grunt_enter_depths_magical_seal, serial_glass, glass_columns_b,
          glass_columns_a, glass_columns_b, glass_columns_b,
          minmay_misc_feat_alley
Lair:1:   grunt_megastairs_4
Lair:2:   uniq_nergalle
Lair:3:   portal_ice_cave_entry_ice_beasts, grunt_megastairs_2
Lair:4:   uniq_josephine
Lair:5:   nicolae_volcano_entry_lava_flow
Lair:6:   minmay_shoals_entry_lonely_mermaid, minmay_snake_entry_guardpost_small
Lair:7:   minivault_25, nicolae_quartered_pool_super, st_stairs_8, uniq_snorg
Lair:8:   evil_forest, nicolae_slime_entry_slimehenge
Snake:1:  lemuel_fruit_tree, uniq_aizul, uniq_agnes
Snake:2:  fake_guardian_serpent_vault, serial_bayou_shore_b, uniq_wiglaf
Snake:3:  uniq_vashnia, uniq_donald
Orc:1:    serial_shops, nicolae_shop_waterfront
Orc:2:    st_orc_pillars, nicolae_for_you_no_charge
Depths:1: hell_entry, kennysheep_boxes, evilmike_ruin_ashenzari,
          kennysheep_random_hallway, uniq_norris, uniq_sojobo
IceCv:    ice_cave_small_giant
Volcano:  volcano_caves

Action                   |  1- 3 |  4- 6 |  7- 9 | 10-12 | 13-15 | 16-18 || total
-------------------------+-------+-------+-------+-------+-------+-------++-------
Melee: Short sword       |   126 |   215 |       |   596 |  2138 |       ||  3075
       Dagger            |       |       |   394 |   568 |    84 |       ||  1046
       Rapier            |       |       |       |       |   559 |   450 ||  1009
Invok: Berserk           |     3 |     4 |     2 |    14 |    24 |     5 ||    52
       Trog's Hand       |     1 |     3 |     3 |    10 |    15 |     5 ||    37
       Brothers in Arms  |       |       |       |     5 |     8 |       ||    13
       Burn Spellbooks   |       |       |       |       |     1 |       ||     1
Evoke: Wand              |       |     1 |       |       |     1 |       ||     2
  Use: Potion            |     2 |     1 |       |       |     7 |     1 ||    11
       Scroll            |       |       |     2 |    24 |    12 |     4 ||    42
 Stab: Sleeping          |       |     4 |     9 |     2 |     9 |       ||    24
       Paralysed         |       |       |       |       |     1 |       ||     1
       Distracted        |       |       |       |       |     1 |       ||     1
  Eat: Bread ration      |     1 |     1 |     1 |     4 |     7 |     1 ||    15
       Fruit             |       |       |       |       |     3 |     3 ||     6
